 Dungeon Crawl Stone Soup version 0.20.1-1-g8b1a95d (webtiles) character file.

739 letownia2 the Reanimator (level 7, 37/55 HPs)
             Began as a Deep Dwarf Necromancer on Nov 11, 2017.
             Quit the game on level 5 of the Dungeon.
             The game lasted 00:08:50 (2787 turns).

letownia2 the Reanimator (Deep Dwarf Necromancer)   Turns: 2787, Time: 00:08:51

Health: 37/55      AC:  5    Str: 12    XL:     7   Next: 46%
Magic:  1/11       EV: 10    Int: 20    God:
Gold:   41         SH:  0    Dex: 13    Spells: 8/12 levels left

rFire    + . .     SeeInvis .   a - +0 spear (curse)
rCold    x . .     Gourm    .   (no shield)
rNeg     . . .     Faith    .   k - +0 ring mail
rPois    .         Spirit   .   (no helmet)
rElec    .         Reflect  .   (no cloak)
rCorr    .         Harm     +   (no gloves)
MR       +....                  (no boots)
Stlth    +.........             l - amulet of harm
Regen    0.0/turn               d - +3 ring of intelligence
MPRegen  0.2/turn               o - ring of fire

@: non-regenerating, drained
A: damage resistance, heal wounds, sense surroundings 1, no regeneration
a: Heal Wounds


You were on level 5 of the Dungeon.
You were hungry.

You visited 1 branch of the dungeon, and saw 5 of its levels.

You collected 41 gold pieces.

Inventory:

Hand Weapons
 a - a cursed +0 spear (weapon)
 n - a +0 flail of holy wrath
 q - a +2 flail of draining
Missiles
 i - 8 tomahawks (quivered)
Armour
 k - a +0 ring mail (worn)
Jewellery
 d - a +3 ring of intelligence (left hand)
 l - an amulet of harm (around neck)
 o - a ring of fire (right hand)
Scrolls
 h - a scroll of remove curse {unknown}
 j - a scroll of teleportation {unknown}
Potions
 e - a potion of flight {unknown}
 m - a potion of curing
Books
 b - a book of Necromancy

   Spells                             Type                      Level
   a - Pain                           Necromancy                   1
   b - Animate Skeleton               Necromancy                   1
   c - Vampiric Draining              Necromancy                   3
   d - Regeneration                   Charms/Necromancy            3
   e - Animate Dead                   Necromancy                   4
   f - Control Undead                 Necromancy                   4
Comestibles
 c - 3 bread rations
 f - 2 fruits
 g - a meat ration
 p - 5 chunks of flesh


   Skills:
 - Level 2.1(1.6) Dodging
 - Level 2.4(1.9) Stealth
 - Level 3.1(2.6) Spellcasting
 + Level 9.5(8.8) Necromancy


You had 8 spell levels left.
You knew the following spells:

 Your Spells              Type           Power        Failure   Level  Hunger
a - Pain                  Necr           ####         1%          1    None
v - Vampiric Draining     Necr           #####.....   2%          3    ###....


Dungeon Overview and Level Annotations

Branches:
Dungeon (5/15)
 Temple: D:4-7

Altars:

Annotations:
D:2 1 exclusion, Terence
D:4 exclusion: orc


Innate Abilities, Weirdness & Mutations

You are resistant to damage.
You can heal yourself by infusing magical energy.
You passively map a small area around you.
You do not regenerate.


Message History

Aiming: Vampiric Draining
Press: ? - help, Shift-Dir - straight line, f - orc wizard
Aim: an orc wizard, wielding a dagger and wearing a robe The orc wizard is severely wounded.
You feel life coursing into your body.
You are feeling hungry.
The orc wizard hits you but does no damage.
Casting: Vampiric Draining
Confirm with . or Enter, or press ? or * to list all spells.
Aiming: Vampiric Draining
Press: ? - help, Shift-Dir - straight line, f/p - orc wizard
Aim: an orc wizard, wielding a dagger and wearing a robe (severely wounded)
You kill the orc wizard!
You feel life coursing into your body.
The orc wizard hits you but does no damage.
Put on which piece of jewellery? (? for menu, Esc to quit)
Okay, then.
Wear which item? (? for menu, Esc to quit)
Okay, then.
Are you sure you want to abandon this character and quit the game? (Confirm with "yes".)

, #.........#
#.........### *
#........... ,
#..........,# *
#.........#.###
*
#.<............
#.....)o....##
* #..o.@)....#
#..........#
#..........#
#........%.#
#..........#
##.....s.....
..........##*
#..........#


You could see a scorpion, an orc wizard and an orc.

Vanquished Creatures
  2 ogres (D:4)
  Blork the orc (D:4)
  A howler monkey (D:4)
  An orc priest (D:3)
  6 orc wizards
  2 hounds (D:4)
  An iguana (D:4)
  3 worker ants
  5 adders
  An adder skeleton (D:4)
  A worm (D:4)
  3 leopard geckos
  17 orcs
  A bat (D:1)
  A giant cockroach (D:4)
  5 hobgoblins
  6 jackals
  A quokka (D:4)
  A ball python (D:2)
  2 kobolds (D:2)
  3 rats
64 creatures vanquished.

Notes
Turn   | Place    | Note
-------+----------+-------------------------------------------
     0 | D:1      | letownia2 the Deep Dwarf Necromancer began the quest for the Orb.
     0 | D:1      | Reached XP level 1. HP: 15/15 MP: 3/3
   234 | D:2      | Found a faded altar of an unknown god.
   243 | D:2      | Reached XP level 2. HP: 20/22 MP: 0/5
   387 | D:2      | Reached XP level 3. HP: 26/28 MP: 0/6
   437 | D:2      | Reached skill level 5 in Necromancy
   445 | D:2      | Learned a level 3 spell: Vampiric Draining
   478 | D:2      | Noticed Terence
   938 | D:3      | Reached XP level 4. HP: 7/36 MP: 0/8
  1261 | D:4      | Noticed a phantom
  1437 | D:3      | Reached skill level 6 in Necromancy
  1437 | D:3      | Reached XP level 5. HP: 22/42 MP: 0/9
  1819 | D:4      | Reached skill level 7 in Necromancy
  1910 | D:4      | Reached XP level 6. HP: 43/49 MP: 5/10
  2136 | D:4      | Reached skill level 8 in Necromancy
  2247 | D:4      | Noticed Blork the orc
  2269 | D:4      | Killed Blork the orc
  2581 | D:4      | Reached XP level 7. HP: 38/55 MP: 3/11
  2600 | D:4      | Reached skill level 9 in Necromancy
  2783 | D:5      | Entered Level 5 of the Dungeon
  2787 | D:5      | Quit the game

Skill      XL: |  1  2  3  4  5  6  7 |
---------------+----------------------+-----
Spellcasting   | 2 3 |  3.1
Necromancy     | 5 6 7 8 9 |  9.5
Dodging        | |  2.1
Stealth        | |  2.4

Action                   |  1- 3 |  4- 6 |  7- 9 || total
-------------------------+-------+-------+-------++-------
Melee: Spear             |    19 |    61 |       ||    80
Throw: Tomahawk          |       |     2 |     3 ||     5
 Cast: Pain              |    39 |    42 |    19 ||   100
       Vampiric Draining |     4 |    25 |     3 ||    32
 Stab: Sleeping          |     2 |       |       ||     2
  Eat: Chunk             |       |     9 |       ||     9
Armor: Ring mail         |     7 |    31 |     3 ||    41
Dodge: Dodged            |    33 |    53 |     6 ||    92
